AoeStats
← hishighness

Glade

510847368Analyzed
1v1 RM · 12h ago on Oct 2, 2026· 59m 58s· 2 players
Game mode
Random Map
Map size
Tiny (2 player)
Population
200
Speed
Normal
Resources
Standard
Victory
Conquest
Starting age
Dark Age
Ending age
Imperial Age
RankedLock teamsTeams togetherTeam positionsShared explorationLock speedFull tech treeHidden civsTurbo modeCheats
Victory
Defeat
🇩🇪 Maya · Germany
691
+17
🇫🇷 Ethiopians · France
709
-17
hishighness
0:43 Loom
14:12 Feudal Age
14:40 Double-Bit Axe
14:38 Horse Collar
16:12 Gold Mining
21:38 Forging
21:19 Fletching
21:36 Scale Mail Armor
23:54 Padded Archer Armor
24:14 Stone Mining
29:43 Castle Age
30:18 Eagle Warrior
31:05 Squires
31:16 Thumb Ring
30:42 Elite Skirmisher
32:29 Bow Saw
32:53 Chain Mail Armor
35:18 Iron Casting
34:40 Bodkin Arrow
35:54 Hul'che Javelineers
38:24 Leather Archer Armor
43:44 Imperial Age
41:01 Pikeman
43:47 Elite Eagle Warrior
45:04 Conscription
45:15 Holcans
45:54 Capped Ram
47:09 Siege Ram
49:25 Heavy Plow
50:30 Two-Man Saw
51:57 Blast Furnace
51:28 Plate Mail Armor
54:19 Ballistics
54:59 Chemistry
53:23 Elite Plumed Archer
54:58 Crop Rotation
55:56 Bracer
56:27 Ring Archer Armor
tontonkuk
7:03 Loom
10:09 Feudal Age
18:11 Fletching
26:24 Castle Age
28:29 Bodkin Arrow
30:39 Double-Bit Axe
30:36 Horse Collar
31:04 Thumb Ring
33:53 Wheelbarrow
33:03 Town Watch
35:16 Crossbowman
35:20 Elite Skirmisher
37:56 Town Patrol
38:12 Hand Cart
38:11 Bow Saw
38:03 Heavy Plow
45:50 Imperial Age
49:08 Imperial Age
48:01 Ballistics
51:48 Heavy Scorpion
52:51 Heavy Camel Rider
56:00 Onager
58:17 Siege Onager
Connection lost

Rejoining the realm…

Still unreachable

The connection could not be restored.

Session expired

The server has moved on; the page needs a fresh start.